Workbook

Sheet INSTRUCCIONES
B9: Bienvenid@ a tu excel de Presupuesto y Cuentas para 2023. En esta hoja te voy a explicar paso a paso como personalizar la excel y sacarle el máximo partido. Dentro de un año, cuando eches la vista atrás a los últimos 12 meses, te alegrarás de haber invertido esfuerzo y constancia en la excel, te lo prometo.
B15: PERSONALIZANDO TU EXCEL
B16: # | C16: Hoja | D16: Qué hacer
B17: 1 | C17: Vídeo | D17: En este vídeo te explico de forma visual los siguientes pasos, te recomiendo que le eches un vistazo antes de empezar (es de 2021, pero sirve igual)
B18: 2 | C18: Total 2023 | D18: Empezamos a personalizar la excel: en el apartado de Ingresos puedes cambiar el nombre de Sueldo #1-2 y Otros #1-2 para que refleje mejor tu situación.
B19: 3 | C19: Total 2023 | D19: En el apartado de Gastos tienes que cambiar los nombres de las Categorías #1-15 para que reflejen tus gastos (por ejemplo: Alquiler, Comida, Ropa, Ocio,...)
B20: 4 | C20: Total 2023 | D20: Si no necesitas tantas líneas para Ingresos o Gastos puedes borrar las que te sobren, o dejarlo sin tocar en blanco.
B21: 5 | C21: ENE-DIC | D21: Puedes ir a alguna de las hojas de meses y verás que tanto los Ingresos y los Gastos se han actualizado con los nombres que les has dado.
B23: ENTENDIENDO LA HOJA "TOTAL 2023"
B24: # | C24: Hoja | D24: Qué hacer
B25: 6 | C25: Total 2023 | D25: En esta hoja encuentras el resumen de todos los meses del año. Según vayan pasando los meses y rellenes los gastos en cada hoja de mes (ENE-DIC), estos se mostrarán también en la hoja Total 2023.
B26: 7 | C26: Total 2023 | D26: En la columna de Presupuesto mensual tienes que introducir lo que has calculado: qué expectativas tienes para los ingresos, y qué presupuesto tienes para cada categoría de gastos.
B27: 8 | C27: Total 2023 | D27: ¡No te olvides de fijar también un presupuesto para tu preahorro!
B28: 9 | C28: Total 2023 | D28: En la columna TOTAL REAL se suman los Ingresos/Gastos de los meses que lleves rellenados.
B30: RELLENANDO TU EXCEL MES A MES
B31: # | C31: Hoja | D31: Qué hacer
B32: 10 | C32: ENE-DIC | D32: Antes de empezar a rellenar necesitas los números que vas a meter. En mi caso pagamos casi todo con tarjeta, así que para rellenar la excel abro la cuenta del banco y me descargo los extractos de las cuentas y las tarjetas de crédito.
B33: 11 | C33: ENE-DIC | D33: Pasa a cada día el Ingreso o Gasto que haya en el extracto. Esto te va a servir para reflexionar sobre el mes.
B34: 12 | C34: ENE-DIC | D34: Si un día concreto tienes varios gastos en la misma categoría puedes apuntarlos de esta manera "=50+12+29" y excel calculará la suma automáticamente
B35: 13 | C35: ENE-DIC | D35: Cuando acabes verás la suma total de cada categoría en la columna Suma del mes, que es la que se copiará automáticamente a la hoja Total 2023.
B36: 14 | C36: Total 2023 | D36: En la hoja Total 2023 puedes ver el resumen del mes en su columna correspondiente y verás que se han copiado las sumas que has introducido.
B37: 15 | C37: ENE-DIC | D37: Puedes comparar categoría por categoría con el presupuesto mensual que te habías fijado y ver si te has pasado o te has quedado por debajo. Yo suelo marcar en rojo las categorías donde me he pasado. No se trata de regañarte, si no de ser consciente.
B38: 16 | C38: ENE-DIC | D38: En la última línea (28) se calcula el ahorro que sobra cada mes, de la siguiente manera: Ahorro sobrante = Ingresos totales - Preahorro - Gastos totales
B39: 17 | D39: ¡Ya está! Ya tienes rellenado tu primer mes en la Excel para tus Presupuestos y Cuentas de 2023. Mes a mes podrás ir viendo cómo tus gastos van evolucionando: puede que algunos disminuyan, puede que en otros te pases siempre de presupuesto. Siempre que lo tengas todo bajo control y tengas un preahorro mensual y un ahorro sobrante positivo, puedes ir adaptando los presupuestos.

Sheet Total 2023
F2: PRESUPUESTOS Y CUENTAS 2023
B4: INGRESOS | C4: Presupuesto mensual | D4: Presupuesto anual | E4: Enero | F4: Febrero | G4: Marzo | H4: Abril | I4: Mayo | J4: Junio | K4: Julio | L4: Agosto | M4: Septiembre | N4: Octubre | O4: Noviembre | P4: Diciembre | Q4: TOTAL REAL
B5: Sueldo #1 | C5: 1 | D5: =C5*12 -> 12 | E5: =ENE!C5 -> 0 | F5: =FEB!C5 -> 0 | G5: =MAR!C5 -> 0 | H5: =ABR!C5 -> 0 | I5: =MAY!C5 -> 0 | J5: =JUN!C5 -> 0 | K5: =JUL!C5 -> 0 | L5: =AGO!C5 -> 0 | M5: =SEP!C5 -> 0 | N5: =OCT!C5 -> 0 | O5: =NOV!C5 -> 0 | P5: =DIC!C5 -> 0 | Q5: =SUM(E5:P5) -> 0
B6: Sueldo #2 | C6: 1 | D6: =C6*12 -> 12 | E6: =ENE!C6 -> 0 | F6: =FEB!C6 -> 0 | G6: =MAR!C6 -> 0 | H6: =ABR!C6 -> 0 | I6: =MAY!C6 -> 0 | J6: =JUN!C6 -> 0 | K6: =JUL!C6 -> 0 | L6: =AGO!C6 -> 0 | M6: =SEP!C6 -> 0 | N6: =OCT!C6 -> 0 | O6: =NOV!C6 -> 0 | P6: =DIC!C6 -> 0 | Q6: =SUM(E6:P6) -> 0
B7: Otros #1 | C7: 1 | D7: =C7*12 -> 12 | E7: =ENE!C7 -> 0 | F7: =FEB!C7 -> 0 | G7: =MAR!C7 -> 0 | H7: =ABR!C7 -> 0 | I7: =MAY!C7 -> 0 | J7: =JUN!C7 -> 0 | K7: =JUL!C7 -> 0 | L7: =AGO!C7 -> 0 | M7: =SEP!C7 -> 0 | N7: =OCT!C7 -> 0 | O7: =NOV!C7 -> 0 | P7: =DIC!C7 -> 0 | Q7: =SUM(E7:P7) -> 0
B8: Otros #2 | C8: 1 | D8: =C8*12 -> 12 | E8: =ENE!C8 -> 0 | F8: =FEB!C8 -> 0 | G8: =MAR!C8 -> 0 | H8: =ABR!C8 -> 0 | I8: =MAY!C8 -> 0 | J8: =JUN!C8 -> 0 | K8: =JUL!C8 -> 0 | L8: =AGO!C8 -> 0 | M8: =SEP!C8 -> 0 | N8: =OCT!C8 -> 0 | O8: =NOV!C8 -> 0 | P8: =DIC!C8 -> 0 | Q8: =SUM(E8:P8) -> 0
B9: INGRESOS TOTAL | C9: =SUM(C5:C8) -> 4 | D9: =SUM(D5:D8) -> 48 | E9: =SUM(E5:E8) -> 0 | F9: =SUM(F5:F8) -> 0 | G9: =SUM(G5:G8) -> 0 | H9: =SUM(H5:H8) -> 0 | I9: =SUM(I5:I8) -> 0 | J9: =SUM(J5:J8) -> 0 | ... P9: =SUM(P5:P8) -> 0 | Q9: =SUM(Q5:Q7) -> 0
B11: AHORRO | C11: Presupuesto mensual | D11: Presupuesto anual | E11: Enero | F11: Febrero | G11: Marzo | H11: Abril | I11: Mayo | J11: Junio | K11: Julio | L11: Agosto | M11: Septiembre | N11: Octubre | O11: Noviembre | P11: Diciembre | Q11: TOTAL REAL
B12: Preahorro | C12: 1 | D12: =C12*12 -> 12 | E12: =ENE!C12 -> 0 | F12: =FEB!C12 -> 0 | G12: =MAR!C12 -> 0 | H12: =ABR!C12 -> 0 | I12: =MAY!C12 -> 0 | J12: =JUN!C12 -> 0 | K12: =JUL!C12 -> 0 | L12: =AGO!C12 -> 0 | M12: =SEP!C12 -> 0 | N12: =OCT!C12 -> 0 | O12: =NOV!C12 -> 0 | P12: =DIC!C12 -> 0 | Q12: =SUM(E12:P12) -> 0
B13: GASTOS | C13: Presupuesto mensual | D13: Presupuesto anual | E13: Enero | F13: Febrero | G13: Marzo | H13: Abril | I13: Mayo | J13: Junio | K13: Julio | L13: Agosto | M13: Septiembre | N13: Octubre | O13: Noviembre | P13: Diciembre | Q13: TOTAL REAL
B14: Categoría #1 | C14: 1 | D14: =C14*12 -> 12 | E14: =ENE!C14 -> 0 | F14: =FEB!C14 -> 0 | G14: =MAR!C14 -> 0 | H14: =ABR!C14 -> 0 | I14: =MAY!C14 -> 0 | J14: =JUN!C14 -> 0 | K14: =JUL!C14 -> 0 | L14: =AGO!C14 -> 0 | M14: =SEP!C14 -> 0 | N14: =OCT!C14 -> 0 | O14: =NOV!C14 -> 0 | P14: =DIC!C14 -> 0 | Q14: =SUM(E14:P14) -> 0
B15: Categoría #2 | C15: 1 | D15: =C15*12 -> 12 | E15: =ENE!C15 -> 0 | F15: =FEB!C15 -> 0 | G15: =MAR!C15 -> 0 | H15: =ABR!C15 -> 0 | I15: =MAY!C15 -> 0 | J15: =JUN!C15 -> 0 | K15: =JUL!C15 -> 0 | L15: =AGO!C15 -> 0 | M15: =SEP!C15 -> 0 | N15: =OCT!C15 -> 0 | O15: =NOV!C15 -> 0 | P15: =DIC!C15 -> 0 | Q15: =SUM(E15:P15) -> 0
B16: Categoría #3 | C16: 1 | D16: =C16*12 -> 12 | E16: =ENE!C16 -> 0 | F16: =FEB!C16 -> 0 | G16: =MAR!C16 -> 0 | H16: =ABR!C16 -> 0 | I16: =MAY!C16 -> 0 | J16: =JUN!C16 -> 0 | K16: =JUL!C16 -> 0 | L16: =AGO!C16 -> 0 | M16: =SEP!C16 -> 0 | N16: =OCT!C16 -> 0 | O16: =NOV!C16 -> 0 | P16: =DIC!C16 -> 0 | Q16: =SUM(E16:P16) -> 0
B17: Categoría #4 | C17: 1 | D17: =C17*12 -> 12 | E17: =ENE!C17 -> 0 | F17: =FEB!C17 -> 0 | G17: =MAR!C17 -> 0 | H17: =ABR!C17 -> 0 | I17: =MAY!C17 -> 0 | J17: =JUN!C17 -> 0 | K17: =JUL!C17 -> 0 | L17: =AGO!C17 -> 0 | M17: =SEP!C17 -> 0 | N17: =OCT!C17 -> 0 | O17: =NOV!C17 -> 0 | P17: =DIC!C17 -> 0 | Q17: =SUM(E17:P17) -> 0
B18: Categoría #5 | C18: 1 | D18: =C18*12 -> 12 | E18: =ENE!C18 -> 0 | F18: =FEB!C18 -> 0 | G18: =MAR!C18 -> 0 | H18: =ABR!C18 -> 0 | I18: =MAY!C18 -> 0 | J18: =JUN!C18 -> 0 | K18: =JUL!C18 -> 0 | L18: =AGO!C18 -> 0 | M18: =SEP!C18 -> 0 | N18: =OCT!C18 -> 0 | O18: =NOV!C18 -> 0 | P18: =DIC!C18 -> 0 | Q18: =SUM(E18:P18) -> 0
B19: Categoría #6 | C19: 1 | D19: =C19*12 -> 12 | E19: =ENE!C19 -> 0 | F19: =FEB!C19 -> 0 | G19: =MAR!C19 -> 0 | H19: =ABR!C19 -> 0 | I19: =MAY!C19 -> 0 | J19: =JUN!C19 -> 0 | K19: =JUL!C19 -> 0 | L19: =AGO!C19 -> 0 | M19: =SEP!C19 -> 0 | N19: =OCT!C19 -> 0 | O19: =NOV!C19 -> 0 | P19: =DIC!C19 -> 0 | Q19: =SUM(E19:P19) -> 0
B20: Categoría #7 | C20: 1 | D20: =C20*12 -> 12 | E20: =ENE!C20 -> 0 | F20: =FEB!C20 -> 0 | G20: =MAR!C20 -> 0 | H20: =ABR!C20 -> 0 | I20: =MAY!C20 -> 0 | J20: =JUN!C20 -> 0 | K20: =JUL!C20 -> 0 | L20: =AGO!C20 -> 0 | M20: =SEP!C20 -> 0 | N20: =OCT!C20 -> 0 | O20: =NOV!C20 -> 0 | P20: =DIC!C20 -> 0 | Q20: =SUM(E20:P20) -> 0
B21: Categoría #8 | C21: 1 | D21: =C21*12 -> 12 | E21: =ENE!C21 -> 0 | F21: =FEB!C21 -> 0 | G21: =MAR!C21 -> 0 | H21: =ABR!C21 -> 0 | I21: =MAY!C21 -> 0 | J21: =JUN!C21 -> 0 | K21: =JUL!C21 -> 0 | L21: =AGO!C21 -> 0 | M21: =SEP!C21 -> 0 | N21: =OCT!C21 -> 0 | O21: =NOV!C21 -> 0 | P21: =DIC!C21 -> 0 | Q21: =SUM(E21:P21) -> 0
B22: Categoría #9 | C22: 1 | D22: =C22*12 -> 12 | E22: =ENE!C22 -> 0 | F22: =FEB!C22 -> 0 | G22: =MAR!C22 -> 0 | H22: =ABR!C22 -> 0 | I22: =MAY!C22 -> 0 | J22: =JUN!C22 -> 0 | K22: =JUL!C22 -> 0 | L22: =AGO!C22 -> 0 | M22: =SEP!C22 -> 0 | N22: =OCT!C22 -> 0 | O22: =NOV!C22 -> 0 | P22: =DIC!C22 -> 0 | Q22: =SUM(E22:P22) -> 0
B23: Categoría #10 | C23: 1 | D23: =C23*12 -> 12 | E23: =ENE!C23 -> 0 | F23: =FEB!C23 -> 0 | G23: =MAR!C23 -> 0 | H23: =ABR!C23 -> 0 | I23: =MAY!C23 -> 0 | J23: =JUN!C23 -> 0 | K23: =JUL!C23 -> 0 | L23: =AGO!C23 -> 0 | M23: =SEP!C23 -> 0 | N23: =OCT!C23 -> 0 | O23: =NOV!C23 -> 0 | P23: =DIC!C23 -> 0 | Q23: =SUM(E23:P23) -> 0
B24: Categoría #11 | C24: 1 | D24: =C24*12 -> 12 | E24: =ENE!C24 -> 0 | F24: =FEB!C24 -> 0 | G24: =MAR!C24 -> 0 | H24: =ABR!C24 -> 0 | I24: =MAY!C24 -> 0 | J24: =JUN!C24 -> 0 | K24: =JUL!C24 -> 0 | L24: =AGO!C24 -> 0 | M24: =SEP!C24 -> 0 | N24: =OCT!C24 -> 0 | O24: =NOV!C24 -> 0 | P24: =DIC!C24 -> 0 | Q24: =SUM(E24:P24) -> 0
B25: Categoría #12 | C25: 1 | D25: =C25*12 -> 12 | E25: =ENE!C25 -> 0 | F25: =FEB!C25 -> 0 | G25: =MAR!C25 -> 0 | H25: =ABR!C25 -> 0 | I25: =MAY!C25 -> 0 | J25: =JUN!C25 -> 0 | K25: =JUL!C25 -> 0 | L25: =AGO!C25 -> 0 | M25: =SEP!C25 -> 0 | N25: =OCT!C25 -> 0 | O25: =NOV!C25 -> 0 | P25: =DIC!C25 -> 0 | Q25: =SUM(E25:P25) -> 0
... B28: Categoría #15 | C28: 1 | D28: =C28*12 -> 12 | E28: =ENE!C28 -> 0 | F28: =FEB!C28 -> 0 | G28: =MAR!C28 -> 0 | H28: =ABR!C28 -> 0 | I28: =MAY!C28 -> 0 | J28: =JUN!C28 -> 0 | K28: =JUL!C28 -> 0 | L28: =AGO!C28 -> 0 | M28: =SEP!C28 -> 0 | N28: =OCT!C28 -> 0 | O28: =NOV!C28 -> 0 | P28: =DIC!C28 -> 0 | Q28: =SUM(E28:P28) -> 0
B29: GASTOS TOTAL | C29: =SUM(C14:C28) -> 15 | D29: =SUM(D14:D28) -> 180 | E29: =SUM(E14:E28) -> 0 | F29: =SUM(F14:F28) -> 0 | G29: =SUM(G14:G28) -> 0 | H29: =SUM(H14:H28) -> 0 | I29: =SUM(I14:I28) -> 0 | J29: =SUM(J14:J28) -> 0 | ... P29: =SUM(P14:P28) -> 0 | Q29: =SUM(E29:P29) -> 0
B30: Ahorro sobrante | C30: =C9-C12-C29 -> -12 | D30: =D9-D12-D29 -> -144 | E30: =E9-E12-E29 -> 0 | F30: =F9-F12-F29 -> 0 | G30: =G9-G12-G29 -> 0 | H30: =H9-H12-H29 -> 0 | I30: =I9-I12-I29 -> 0 | J30: =J9-J12-J29 -> 0 | ... P30: =P9-P12-P29 -> 0 | Q30: =SUM(E30:P30) -> 0

Sheet ENE
F2: CUENTAS DE ENERO 2023
B4: INGRESOS | C4: SUMA DEL MES | E4: 1 | F4: 2 | G4: 3 | H4: 4 | I4: 5 | J4: 6 | K4: 7 | L4: 8 | M4: 9 | N4: 10 | O4: 11 | P4: 12 | Q4: 13 | R4: 14 | S4: 15 | T4: 16 | U4: 17 | V4: 18 | W4: 19 | X4: 20 | Y4: 21 | Z4: 22 | AA4: 23 | AB4: 24 | AC4: 25 | AD4: 26 | AE4: 27 | AF4: 28 | AG4: 29 | AH4: 30 | AI4: 31
B5: ='Total 2023'!B5 -> Sueldo #1 | C5: =SUM(E5:AI5) -> 0
B6: ='Total 2023'!B6 -> Sueldo #2 | C6: =SUM(E6:AI6) -> 0
B7: ='Total 2023'!B7 -> Otros #1 | C7: =SUM(E7:AI7) -> 0
B8: ='Total 2023'!B8 -> Otros #2 | C8: =SUM(E8:AI8) -> 0
B9: TOTAL INGRESOS | C9: =SUM(C5:C8) -> 0
B11: AHORRO | C11: SUMA DEL MES | E11: 1 | F11: 2 | G11: 3 | H11: 4 | I11: 5 | J11: 6 | K11: 7 | L11: 8 | M11: 9 | N11: 10 | O11: 11 | P11: 12 | Q11: 13 | R11: 14 | S11: 15 | T11: 16 | U11: 17 | V11: 18 | W11: 19 | X11: 20 | Y11: 21 | Z11: 22 | AA11: 23 | AB11: 24 | AC11: 25 | AD11: 26 | AE11: 27 | AF11: 28 | AG11: 29 | AH11: 30 | AI11: 31
B12: Preahorro | C12: =SUM(E12:AI12) -> 0
B13: GASTOS | C13: SUMA DEL MES | E13: 1 | F13: 2 | G13: 3 | H13: 4 | I13: 5 | J13: 6 | K13: 7 | L13: 8 | M13: 9 | N13: 10 | O13: 11 | P13: 12 | Q13: 13 | R13: 14 | S13: 15 | T13: 16 | U13: 17 | V13: 18 | W13: 19 | X13: 20 | Y13: 21 | Z13: 22 | AA13: 23 | AB13: 24 | AC13: 25 | AD13: 26 | AE13: 27 | AF13: 28 | AG13: 29 | AH13: 30 | AI13: 31
B14: ='Total 2023'!B14 -> Categoría #1 | C14: =SUM(E14:AI14) -> 0
B15: ='Total 2023'!B15 -> Categoría #2 | C15: =SUM(E15:AI15) -> 0
B16: ='Total 2023'!B16 -> Categoría #3 | C16: =SUM(E16:AI16) -> 0
B17: ='Total 2023'!B17 -> Categoría #4 | C17: =SUM(E17:AI17) -> 0
B18: ='Total 2023'!B18 -> Categoría #5 | C18: =SUM(E18:AI18) -> 0
B19: ='Total 2023'!B19 -> Categoría #6 | C19: =SUM(E19:AI19) -> 0
B20: ='Total 2023'!B20 -> Categoría #7 | C20: =SUM(E20:AI20) -> 0
B21: ='Total 2023'!B21 -> Categoría #8 | C21: =SUM(E21:AI21) -> 0
B22: ='Total 2023'!B22 -> Categoría #9 | C22: =SUM(E22:AI22) -> 0
B23: ='Total 2023'!B23 -> Categoría #10 | C23: =SUM(E23:AI23) -> 0
B24: ='Total 2023'!B24 -> Categoría #11 | C24: =SUM(E24:AI24) -> 0
B25: ='Total 2023'!B25 -> Categoría #12 | C25: =SUM(E25:AI25) -> 0
... B28: ='Total 2023'!B28 -> Categoría #15 | C28: =SUM(E28:AI28) -> 0
B29: GASTOS TOTALES | C29: =SUM(C14:C28) -> 0
B30: Ahorro sobrante | C30: =C9-C12-C29 -> 0

Sheet FEB
F2: CUENTAS DE FEBRERO 2023
B4: INGRESOS | C4: SUMA DEL MES | E4: 1 | F4: 2 | G4: 3 | H4: 4 | I4: 5 | J4: 6 | K4: 7 | L4: 8 | M4: 9 | N4: 10 | O4: 11 | P4: 12 | Q4: 13 | R4: 14 | S4: 15 | T4: 16 | U4: 17 | V4: 18 | W4: 19 | X4: 20 | Y4: 21 | Z4: 22 | AA4: 23 | AB4: 24 | AC4: 25 | AD4: 26 | AE4: 27 | AF4: 28
B5: ='Total 2023'!B5 -> Sueldo #1 | C5: =SUM(E5:AF5) -> 0
B6: ='Total 2023'!B6 -> Sueldo #2 | C6: =SUM(E6:AF6) -> 0
B7: ='Total 2023'!B7 -> Otros #1 | C7: =SUM(E7:AF7) -> 0
B8: ='Total 2023'!B8 -> Otros #2 | C8: =SUM(E8:AF8) -> 0
B9: TOTAL INGRESOS | C9: =SUM(C5:C8) -> 0
B11: AHORRO | C11: SUMA DEL MES | E11: 1 | F11: 2 | G11: 3 | H11: 4 | I11: 5 | J11: 6 | K11: 7 | L11: 8 | M11: 9 | N11: 10 | O11: 11 | P11: 12 | Q11: 13 | R11: 14 | S11: 15 | T11: 16 | U11: 17 | V11: 18 | W11: 19 | X11: 20 | Y11: 21 | Z11: 22 | AA11: 23 | AB11: 24 | AC11: 25 | AD11: 26 | AE11: 27 | AF11: 28
B12: Preahorro | C12: =SUM(E12:AF12) -> 0
B13: GASTOS | C13: SUMA DEL MES | E13: 1 | F13: 2 | G13: 3 | H13: 4 | I13: 5 | J13: 6 | K13: 7 | L13: 8 | M13: 9 | N13: 10 | O13: 11 | P13: 12 | Q13: 13 | R13: 14 | S13: 15 | T13: 16 | U13: 17 | V13: 18 | W13: 19 | X13: 20 | Y13: 21 | Z13: 22 | AA13: 23 | AB13: 24 | AC13: 25 | AD13: 26 | AE13: 27 | AF13: 28
B14: ='Total 2023'!B14 -> Categoría #1 | C14: =SUM(E14:AF14) -> 0
B15: ='Total 2023'!B15 -> Categoría #2 | C15: =SUM(E15:AF15) -> 0
B16: ='Total 2023'!B16 -> Categoría #3 | C16: =SUM(E16:AF16) -> 0
B17: ='Total 2023'!B17 -> Categoría #4 | C17: =SUM(E17:AF17) -> 0
B18: ='Total 2023'!B18 -> Categoría #5 | C18: =SUM(E18:AF18) -> 0
B19: ='Total 2023'!B19 -> Categoría #6 | C19: =SUM(E19:AF19) -> 0
B20: ='Total 2023'!B20 -> Categoría #7 | C20: =SUM(E20:AF20) -> 0
B21: ='Total 2023'!B21 -> Categoría #8 | C21: =SUM(E21:AF21) -> 0
B22: ='Total 2023'!B22 -> Categoría #9 | C22: =SUM(E22:AF22) -> 0
B23: ='Total 2023'!B23 -> Categoría #10 | C23: =SUM(E23:AF23) -> 0
B24: ='Total 2023'!B24 -> Categoría #11 | C24: =SUM(E24:AF24) -> 0
B25: ='Total 2023'!B25 -> Categoría #12 | C25: =SUM(E25:AF25) -> 0
... B28: ='Total 2023'!B28 -> Categoría #15 | C28: =SUM(E28:AF28) -> 0
B29: GASTOS TOTALES | C29: =SUM(C14:C28) -> 0
B30: Ahorro sobrante | C30: =C9-C12-C29 -> 0

Sheet MAR
F2: CUENTAS DE MARZO 2023
B4: INGRESOS | C4: SUMA DEL MES | E4: 1 | F4: 2 | G4: 3 | H4: 4 | I4: 5 | J4: 6 | K4: 7 | L4: 8 | M4: 9 | N4: 10 | O4: 11 | P4: 12 | Q4: 13 | R4: 14 | S4: 15 | T4: 16 | U4: 17 | V4: 18 | W4: 19 | X4: 20 | Y4: 21 | Z4: 22 | AA4: 23 | AB4: 24 | AC4: 25 | AD4: 26 | AE4: 27 | AF4: 28 | AG4: 29 | AH4: 30 | AI4: 31
B5: ='Total 2023'!B5 -> Sueldo #1 | C5: =SUM(E5:AI5) -> 0
B6: ='Total 2023'!B6 -> Sueldo #2 | C6: =SUM(E6:AI6) -> 0
B7: ='Total 2023'!B7 -> Otros #1 | C7: =SUM(E7:AI7) -> 0
B8: ='Total 2023'!B8 -> Otros #2 | C8: =SUM(E8:AI8) -> 0
B9: TOTAL INGRESOS | C9: =SUM(C5:C8) -> 0
B11: AHORRO | C11: SUMA DEL MES | E11: 1 | F11: 2 | G11: 3 | H11: 4 | I11: 5 | J11: 6 | K11: 7 | L11: 8 | M11: 9 | N11: 10 | O11: 11 | P11: 12 | Q11: 13 | R11: 14 | S11: 15 | T11: 16 | U11: 17 | V11: 18 | W11: 19 | X11: 20 | Y11: 21 | Z11: 22 | AA11: 23 | AB11: 24 | AC11: 25 | AD11: 26 | AE11: 27 | AF11: 28 | AG11: 29 | AH11: 30 | AI11: 31
B12: Preahorro | C12: =SUM(E12:AI12) -> 0
B13: GASTOS | C13: SUMA DEL MES | E13: 1 | F13: 2 | G13: 3 | H13: 4 | I13: 5 | J13: 6 | K13: 7 | L13: 8 | M13: 9 | N13: 10 | O13: 11 | P13: 12 | Q13: 13 | R13: 14 | S13: 15 | T13: 16 | U13: 17 | V13: 18 | W13: 19 | X13: 20 | Y13: 21 | Z13: 22 | AA13: 23 | AB13: 24 | AC13: 25 | AD13: 26 | AE13: 27 | AF13: 28 | AG13: 29 | AH13: 30 | AI13: 31
B14: ='Total 2023'!B14 -> Categoría #1 | C14: =SUM(E14:AI14) -> 0
B15: ='Total 2023'!B15 -> Categoría #2 | C15: =SUM(E15:AI15) -> 0
B16: ='Total 2023'!B16 -> Categoría #3 | C16: =SUM(E16:AI16) -> 0
B17: ='Total 2023'!B17 -> Categoría #4 | C17: =SUM(E17:AI17) -> 0
B18: ='Total 2023'!B18 -> Categoría #5 | C18: =SUM(E18:AI18) -> 0
B19: ='Total 2023'!B19 -> Categoría #6 | C19: =SUM(E19:AI19) -> 0
B20: ='Total 2023'!B20 -> Categoría #7 | C20: =SUM(E20:AI20) -> 0
B21: ='Total 2023'!B21 -> Categoría #8 | C21: =SUM(E21:AI21) -> 0
B22: ='Total 2023'!B22 -> Categoría #9 | C22: =SUM(E22:AI22) -> 0
B23: ='Total 2023'!B23 -> Categoría #10 | C23: =SUM(E23:AI23) -> 0
B24: ='Total 2023'!B24 -> Categoría #11 | C24: =SUM(E24:AI24) -> 0
B25: ='Total 2023'!B25 -> Categoría #12 | C25: =SUM(E25:AI25) -> 0
... B28: ='Total 2023'!B28 -> Categoría #15 | C28: =SUM(E28:AI28) -> 0
B29: GASTOS TOTALES | C29: =SUM(C14:C28) -> 0
B30: Ahorro sobrante | C30: =C9-C12-C29 -> 0

Sheet ABR
F2: CUENTAS DE ABRIL 2023
B4: INGRESOS | C4: SUMA DEL MES | E4: 1 | F4: 2 | G4: 3 | H4: 4 | I4: 5 | J4: 6 | K4: 7 | L4: 8 | M4: 9 | N4: 10 | O4: 11 | P4: 12 | Q4: 13 | R4: 14 | S4: 15 | T4: 16 | U4: 17 | V4: 18 | W4: 19 | X4: 20 | Y4: 21 | Z4: 22 | AA4: 23 | AB4: 24 | AC4: 25 | AD4: 26 | AE4: 27 | AF4: 28 | AG4: 29 | AH4: 30
B5: ='Total 2023'!B5 -> Sueldo #1 | C5: =SUM(E5:AH5) -> 0
B6: ='Total 2023'!B6 -> Sueldo #2 | C6: =SUM(E6:AH6) -> 0
B7: ='Total 2023'!B7 -> Otros #1 | C7: =SUM(E7:AH7) -> 0
B8: ='Total 2023'!B8 -> Otros #2 | C8: =SUM(E8:AH8) -> 0
B9: TOTAL INGRESOS | C9: =SUM(C5:C8) -> 0
B11: AHORRO | C11: SUMA DEL MES | E11: 1 | F11: 2 | G11: 3 | H11: 4 | I11: 5 | J11: 6 | K11: 7 | L11: 8 | M11: 9 | N11: 10 | O11: 11 | P11: 12 | Q11: 13 | R11: 14 | S11: 15 | T11: 16 | U11: 17 | V11: 18 | W11: 19 | X11: 20 | Y11: 21 | Z11: 22 | AA11: 23 | AB11: 24 | AC11: 25 | AD11: 26 | AE11: 27 | AF11: 28 | AG11: 29 | AH11: 30
B12: Preahorro | C12: =SUM(E12:AH12) -> 0
B13: GASTOS | C13: SUMA DEL MES | E13: 1 | F13: 2 | G13: 3 | H13: 4 | I13: 5 | J13: 6 | K13: 7 | L13: 8 | M13: 9 | N13: 10 | O13: 11 | P13: 12 | Q13: 13 | R13: 14 | S13: 15 | T13: 16 | U13: 17 | V13: 18 | W13: 19 | X13: 20 | Y13: 21 | Z13: 22 | AA13: 23 | AB13: 24 | AC13: 25 | AD13: 26 | AE13: 27 | AF13: 28 | AG13: 29 | AH13: 30
B14: ='Total 2023'!B14 -> Categoría #1 | C14: =SUM(E14:AH14) -> 0
B15: ='Total 2023'!B15 -> Categoría #2 | C15: =SUM(E15:AH15) -> 0
B16: ='Total 2023'!B16 -> Categoría #3 | C16: =SUM(E16:AH16) -> 0
B17: ='Total 2023'!B17 -> Categoría #4 | C17: =SUM(E17:AH17) -> 0
B18: ='Total 2023'!B18 -> Categoría #5 | C18: =SUM(E18:AH18) -> 0
B19: ='Total 2023'!B19 -> Categoría #6 | C19: =SUM(E19:AH19) -> 0
B20: ='Total 2023'!B20 -> Categoría #7 | C20: =SUM(E20:AH20) -> 0
B21: ='Total 2023'!B21 -> Categoría #8 | C21: =SUM(E21:AH21) -> 0
B22: ='Total 2023'!B22 -> Categoría #9 | C22: =SUM(E22:AH22) -> 0
B23: ='Total 2023'!B23 -> Categoría #10 | C23: =SUM(E23:AH23) -> 0
B24: ='Total 2023'!B24 -> Categoría #11 | C24: =SUM(E24:AH24) -> 0
B25: ='Total 2023'!B25 -> Categoría #12 | C25: =SUM(E25:AH25) -> 0
... B28: ='Total 2023'!B28 -> Categoría #15 | C28: =SUM(E28:AH28) -> 0
B29: GASTOS TOTALES | C29: =SUM(C14:C28) -> 0
B30: Ahorro sobrante | C30: =C9-C12-C29 -> 0

Sheet MAY
F2: CUENTAS DE MAYO 2023
B4: INGRESOS | C4: SUMA DEL MES | E4: 1 | F4: 2 | G4: 3 | H4: 4 | I4: 5 | J4: 6 | K4: 7 | L4: 8 | M4: 9 | N4: 10 | O4: 11 | P4: 12 | Q4: 13 | R4: 14 | S4: 15 | T4: 16 | U4: 17 | V4: 18 | W4: 19 | X4: 20 | Y4: 21 | Z4: 22 | AA4: 23 | AB4: 24 | AC4: 25 | AD4: 26 | AE4: 27 | AF4: 28 | AG4: 29 | AH4: 30 | AI4: 31
B5: ='Total 2023'!B5 -> Sueldo #1 | C5: =SUM(E5:AI5) -> 0
B6: ='Total 2023'!B6 -> Sueldo #2 | C6: =SUM(E6:AI6) -> 0
B7: ='Total 2023'!B7 -> Otros #1 | C7: =SUM(E7:AI7) -> 0
B8: ='Total 2023'!B8 -> Otros #2 | C8: =SUM(E8:AI8) -> 0
B9: TOTAL INGRESOS | C9: =SUM(C5:C8) -> 0
B11: AHORRO | C11: SUMA DEL MES | E11: 1 | F11: 2 | G11: 3 | H11: 4 | I11: 5 | J11: 6 | K11: 7 | L11: 8 | M11: 9 | N11: 10 | O11: 11 | P11: 12 | Q11: 13 | R11: 14 | S11: 15 | T11: 16 | U11: 17 | V11: 18 | W11: 19 | X11: 20 | Y11: 21 | Z11: 22 | AA11: 23 | AB11: 24 | AC11: 25 | AD11: 26 | AE11: 27 | AF11: 28 | AG11: 29 | AH11: 30 | AI11: 31
B12: Preahorro | C12: =SUM(E12:AI12) -> 0
B13: GASTOS | C13: SUMA DEL MES | E13: 1 | F13: 2 | G13: 3 | H13: 4 | I13: 5 | J13: 6 | K13: 7 | L13: 8 | M13: 9 | N13: 10 | O13: 11 | P13: 12 | Q13: 13 | R13: 14 | S13: 15 | T13: 16 | U13: 17 | V13: 18 | W13: 19 | X13: 20 | Y13: 21 | Z13: 22 | AA13: 23 | AB13: 24 | AC13: 25 | AD13: 26 | AE13: 27 | AF13: 28 | AG13: 29 | AH13: 30 | AI13: 31
B14: ='Total 2023'!B14 -> Categoría #1 | C14: =SUM(E14:AI14) -> 0
B15: ='Total 2023'!B15 -> Categoría #2 | C15: =SUM(E15:AI15) -> 0
B16: ='Total 2023'!B16 -> Categoría #3 | C16: =SUM(E16:AI16) -> 0
B17: ='Total 2023'!B17 -> Categoría #4 | C17: =SUM(E17:AI17) -> 0
B18: ='Total 2023'!B18 -> Categoría #5 | C18: =SUM(E18:AI18) -> 0
B19: ='Total 2023'!B19 -> Categoría #6 | C19: =SUM(E19:AI19) -> 0
B20: ='Total 2023'!B20 -> Categoría #7 | C20: =SUM(E20:AI20) -> 0
B21: ='Total 2023'!B21 -> Categoría #8 | C21: =SUM(E21:AI21) -> 0
B22: ='Total 2023'!B22 -> Categoría #9 | C22: =SUM(E22:AI22) -> 0
B23: ='Total 2023'!B23 -> Categoría #10 | C23: =SUM(E23:AI23) -> 0
B24: ='Total 2023'!B24 -> Categoría #11 | C24: =SUM(E24:AI24) -> 0
B25: ='Total 2023'!B25 -> Categoría #12 | C25: =SUM(E25:AI25) -> 0
... B28: ='Total 2023'!B28 -> Categoría #15 | C28: =SUM(E28:AI28) -> 0
B29: GASTOS TOTALES | C29: =SUM(C14:C28) -> 0
B30: Ahorro sobrante | C30: =C9-C12-C29 -> 0

Sheet JUN
F2: CUENTAS DE JUNIO 2023
B4: INGRESOS | C4: SUMA DEL MES | E4: 1 | F4: 2 | G4: 3 | H4: 4 | I4: 5 | J4: 6 | K4: 7 | L4: 8 | M4: 9 | N4: 10 | O4: 11 | P4: 12 | Q4: 13 | R4: 14 | S4: 15 | T4: 16 | U4: 17 | V4: 18 | W4: 19 | X4: 20 | Y4: 21 | Z4: 22 | AA4: 23 | AB4: 24 | AC4: 25 | AD4: 26 | AE4: 27 | AF4: 28 | AG4: 29 | AH4: 30
B5: ='Total 2023'!B5 -> Sueldo #1 | C5: =SUM(E5:AH5) -> 0
B6: ='Total 2023'!B6 -> Sueldo #2 | C6: =SUM(E6:AH6) -> 0
B7: ='Total 2023'!B7 -> Otros #1 | C7: =SUM(E7:AH7) -> 0
B8: ='Total 2023'!B8 -> Otros #2 | C8: =SUM(E8:AH8) -> 0
B9: TOTAL INGRESOS | C9: =SUM(C5:C8) -> 0
B11: AHORRO | C11: SUMA DEL MES | E11: 1 | F11: 2 | G11: 3 | H11: 4 | I11: 5 | J11: 6 | K11: 7 | L11: 8 | M11: 9 | N11: 10 | O11: 11 | P11: 12 | Q11: 13 | R11: 14 | S11: 15 | T11: 16 | U11: 17 | V11: 18 | W11: 19 | X11: 20 | Y11: 21 | Z11: 22 | AA11: 23 | AB11: 24 | AC11: 25 | AD11: 26 | AE11: 27 | AF11: 28 | AG11: 29 | AH11: 30
B12: Preahorro | C12: =SUM(E12:AH12) -> 0
B13: GASTOS | C13: SUMA DEL MES | E13: 1 | F13: 2 | G13: 3 | H13: 4 | I13: 5 | J13: 6 | K13: 7 | L13: 8 | M13: 9 | N13: 10 | O13: 11 | P13: 12 | Q13: 13 | R13: 14 | S13: 15 | T13: 16 | U13: 17 | V13: 18 | W13: 19 | X13: 20 | Y13: 21 | Z13: 22 | AA13: 23 | AB13: 24 | AC13: 25 | AD13: 26 | AE13: 27 | AF13: 28 | AG13: 29 | AH13: 30
B14: ='Total 2023'!B14 -> Categoría #1 | C14: =SUM(E14:AH14) -> 0
B15: ='Total 2023'!B15 -> Categoría #2 | C15: =SUM(E15:AH15) -> 0
B16: ='Total 2023'!B16 -> Categoría #3 | C16: =SUM(E16:AH16) -> 0
B17: ='Total 2023'!B17 -> Categoría #4 | C17: =SUM(E17:AH17) -> 0
B18: ='Total 2023'!B18 -> Categoría #5 | C18: =SUM(E18:AH18) -> 0
B19: ='Total 2023'!B19 -> Categoría #6 | C19: =SUM(E19:AH19) -> 0
B20: ='Total 2023'!B20 -> Categoría #7 | C20: =SUM(E20:AH20) -> 0
B21: ='Total 2023'!B21 -> Categoría #8 | C21: =SUM(E21:AH21) -> 0
B22: ='Total 2023'!B22 -> Categoría #9 | C22: =SUM(E22:AH22) -> 0
B23: ='Total 2023'!B23 -> Categoría #10 | C23: =SUM(E23:AH23) -> 0
B24: ='Total 2023'!B24 -> Categoría #11 | C24: =SUM(E24:AH24) -> 0
B25: ='Total 2023'!B25 -> Categoría #12 | C25: =SUM(E25:AH25) -> 0
... B28: ='Total 2023'!B28 -> Categoría #15 | C28: =SUM(E28:AH28) -> 0
B29: GASTOS TOTALES | C29: =SUM(C14:C28) -> 0
B30: Ahorro sobrante | C30: =C9-C12-C29 -> 0

Sheet JUL
F2: CUENTAS DE JULIO 2023
B4: INGRESOS | C4: SUMA DEL MES | E4: 1 | F4: 2 | G4: 3 | H4: 4 | I4: 5 | J4: 6 | K4: 7 | L4: 8 | M4: 9 | N4: 10 | O4: 11 | P4: 12 | Q4: 13 | R4: 14 | S4: 15 | T4: 16 | U4: 17 | V4: 18 | W4: 19 | X4: 20 | Y4: 21 | Z4: 22 | AA4: 23 | AB4: 24 | AC4: 25 | AD4: 26 | AE4: 27 | AF4: 28 | AG4: 29 | AH4: 30 | AI4: 31
B5: ='Total 2023'!B5 -> Sueldo #1 | C5: =SUM(E5:AI5) -> 0
B6: ='Total 2023'!B6 -> Sueldo #2 | C6: =SUM(E6:AI6) -> 0
B7: ='Total 2023'!B7 -> Otros #1 | C7: =SUM(E7:AI7) -> 0
B8: ='Total 2023'!B8 -> Otros #2 | C8: =SUM(E8:AI8) -> 0
B9: TOTAL INGRESOS | C9: =SUM(C5:C8) -> 0
B11: AHORRO | C11: SUMA DEL MES | E11: 1 | F11: 2 | G11: 3 | H11: 4 | I11: 5 | J11: 6 | K11: 7 | L11: 8 | M11: 9 | N11: 10 | O11: 11 | P11: 12 | Q11: 13 | R11: 14 | S11: 15 | T11: 16 | U11: 17 | V11: 18 | W11: 19 | X11: 20 | Y11: 21 | Z11: 22 | AA11: 23 | AB11: 24 | AC11: 25 | AD11: 26 | AE11: 27 | AF11: 28 | AG11: 29 | AH11: 30 | AI11: 31
B12: Preahorro | C12: =SUM(E12:AI12) -> 0
B13: GASTOS | C13: SUMA DEL MES | E13: 1 | F13: 2 | G13: 3 | H13: 4 | I13: 5 | J13: 6 | K13: 7 | L13: 8 | M13: 9 | N13: 10 | O13: 11 | P13: 12 | Q13: 13 | R13: 14 | S13: 15 | T13: 16 | U13: 17 | V13: 18 | W13: 19 | X13: 20 | Y13: 21 | Z13: 22 | AA13: 23 | AB13: 24 | AC13: 25 | AD13: 26 | AE13: 27 | AF13: 28 | AG13: 29 | AH13: 30 | AI13: 31
B14: ='Total 2023'!B14 -> Categoría #1 | C14: =SUM(E14:AI14) -> 0
B15: ='Total 2023'!B15 -> Categoría #2 | C15: =SUM(E15:AI15) -> 0
B16: ='Total 2023'!B16 -> Categoría #3 | C16: =SUM(E16:AI16) -> 0
B17: ='Total 2023'!B17 -> Categoría #4 | C17: =SUM(E17:AI17) -> 0
B18: ='Total 2023'!B18 -> Categoría #5 | C18: =SUM(E18:AI18) -> 0
B19: ='Total 2023'!B19 -> Categoría #6 | C19: =SUM(E19:AI19) -> 0
B20: ='Total 2023'!B20 -> Categoría #7 | C20: =SUM(E20:AI20) -> 0
B21: ='Total 2023'!B21 -> Categoría #8 | C21: =SUM(E21:AI21) -> 0
B22: ='Total 2023'!B22 -> Categoría #9 | C22: =SUM(E22:AI22) -> 0
B23: ='Total 2023'!B23 -> Categoría #10 | C23: =SUM(E23:AI23) -> 0
B24: ='Total 2023'!B24 -> Categoría #11 | C24: =SUM(E24:AI24) -> 0
B25: ='Total 2023'!B25 -> Categoría #12 | C25: =SUM(E25:AI25) -> 0
... B28: ='Total 2023'!B28 -> Categoría #15 | C28: =SUM(E28:AI28) -> 0
B29: GASTOS TOTALES | C29: =SUM(C14:C28) -> 0
B30: Ahorro sobrante | C30: =C9-C12-C29 -> 0

Sheet AGO
F2: CUENTAS DE AGOSTO 2023
B4: INGRESOS | C4: SUMA DEL MES | E4: 1 | F4: 2 | G4: 3 | H4: 4 | I4: 5 | J4: 6 | K4: 7 | L4: 8 | M4: 9 | N4: 10 | O4: 11 | P4: 12 | Q4: 13 | R4: 14 | S4: 15 | T4: 16 | U4: 17 | V4: 18 | W4: 19 | X4: 20 | Y4: 21 | Z4: 22 | AA4: 23 | AB4: 24 | AC4: 25 | AD4: 26 | AE4: 27 | AF4: 28 | AG4: 29 | AH4: 30 | AI4: 31
B5: ='Total 2023'!B5 -> Sueldo #1 | C5: =SUM(E5:AI5) -> 0
B6: ='Total 2023'!B6 -> Sueldo #2 | C6: =SUM(E6:AI6) -> 0
B7: ='Total 2023'!B7 -> Otros #1 | C7: =SUM(E7:AI7) -> 0
B8: ='Total 2023'!B8 -> Otros #2 | C8: =SUM(E8:AI8) -> 0
B9: TOTAL INGRESOS | C9: =SUM(C5:C8) -> 0
B11: AHORRO | C11: SUMA DEL MES | E11: 1 | F11: 2 | G11: 3 | H11: 4 | I11: 5 | J11: 6 | K11: 7 | L11: 8 | M11: 9 | N11: 10 | O11: 11 | P11: 12 | Q11: 13 | R11: 14 | S11: 15 | T11: 16 | U11: 17 | V11: 18 | W11: 19 | X11: 20 | Y11: 21 | Z11: 22 | AA11: 23 | AB11: 24 | AC11: 25 | AD11: 26 | AE11: 27 | AF11: 28 | AG11: 29 | AH11: 30 | AI11: 31
B12: Preahorro | C12: =SUM(E12:AI12) -> 0
B13: GASTOS | C13: SUMA DEL MES | E13: 1 | F13: 2 | G13: 3 | H13: 4 | I13: 5 | J13: 6 | K13: 7 | L13: 8 | M13: 9 | N13: 10 | O13: 11 | P13: 12 | Q13: 13 | R13: 14 | S13: 15 | T13: 16 | U13: 17 | V13: 18 | W13: 19 | X13: 20 | Y13: 21 | Z13: 22 | AA13: 23 | AB13: 24 | AC13: 25 | AD13: 26 | AE13: 27 | AF13: 28 | AG13: 29 | AH13: 30 | AI13: 31
B14: ='Total 2023'!B14 -> Categoría #1 | C14: =SUM(E14:AI14) -> 0
B15: ='Total 2023'!B15 -> Categoría #2 | C15: =SUM(E15:AI15) -> 0
B16: ='Total 2023'!B16 -> Categoría #3 | C16: =SUM(E16:AI16) -> 0
B17: ='Total 2023'!B17 -> Categoría #4 | C17: =SUM(E17:AI17) -> 0
B18: ='Total 2023'!B18 -> Categoría #5 | C18: =SUM(E18:AI18) -> 0
B19: ='Total 2023'!B19 -> Categoría #6 | C19: =SUM(E19:AI19) -> 0
B20: ='Total 2023'!B20 -> Categoría #7 | C20: =SUM(E20:AI20) -> 0
B21: ='Total 2023'!B21 -> Categoría #8 | C21: =SUM(E21:AI21) -> 0
B22: ='Total 2023'!B22 -> Categoría #9 | C22: =SUM(E22:AI22) -> 0
B23: ='Total 2023'!B23 -> Categoría #10 | C23: =SUM(E23:AI23) -> 0
B24: ='Total 2023'!B24 -> Categoría #11 | C24: =SUM(E24:AI24) -> 0
B25: ='Total 2023'!B25 -> Categoría #12 | C25: =SUM(E25:AI25) -> 0
... B28: ='Total 2023'!B28 -> Categoría #15 | C28: =SUM(E28:AI28) -> 0
B29: GASTOS TOTALES | C29: =SUM(C14:C28) -> 0
B30: Ahorro sobrante | C30: =C9-C12-C29 -> 0

Sheet SEP
F2: CUENTAS DE SEPTIEMBRE 2023
B4: INGRESOS | C4: SUMA DEL MES | E4: 1 | F4: 2 | G4: 3 | H4: 4 | I4: 5 | J4: 6 | K4: 7 | L4: 8 | M4: 9 | N4: 10 | O4: 11 | P4: 12 | Q4: 13 | R4: 14 | S4: 15 | T4: 16 | U4: 17 | V4: 18 | W4: 19 | X4: 20 | Y4: 21 | Z4: 22 | AA4: 23 | AB4: 24 | AC4: 25 | AD4: 26 | AE4: 27 | AF4: 28 | AG4: 29 | AH4: 30
B5: ='Total 2023'!B5 -> Sueldo #1 | C5: =SUM(E5:AH5) -> 0
B6: ='Total 2023'!B6 -> Sueldo #2 | C6: =SUM(E6:AH6) -> 0
B7: ='Total 2023'!B7 -> Otros #1 | C7: =SUM(E7:AH7) -> 0
B8: ='Total 2023'!B8 -> Otros #2 | C8: =SUM(E8:AH8) -> 0
B9: TOTAL INGRESOS | C9: =SUM(C5:C8) -> 0
B11: AHORRO | C11: SUMA DEL MES | E11: 1 | F11: 2 | G11: 3 | H11: 4 | I11: 5 | J11: 6 | K11: 7 | L11: 8 | M11: 9 | N11: 10 | O11: 11 | P11: 12 | Q11: 13 | R11: 14 | S11: 15 | T11: 16 | U11: 17 | V11: 18 | W11: 19 | X11: 20 | Y11: 21 | Z11: 22 | AA11: 23 | AB11: 24 | AC11: 25 | AD11: 26 | AE11: 27 | AF11: 28 | AG11: 29 | AH11: 30
B12: Preahorro | C12: =SUM(E12:AH12) -> 0
B13: GASTOS | C13: SUMA DEL MES | E13: 1 | F13: 2 | G13: 3 | H13: 4 | I13: 5 | J13: 6 | K13: 7 | L13: 8 | M13: 9 | N13: 10 | O13: 11 | P13: 12 | Q13: 13 | R13: 14 | S13: 15 | T13: 16 | U13: 17 | V13: 18 | W13: 19 | X13: 20 | Y13: 21 | Z13: 22 | AA13: 23 | AB13: 24 | AC13: 25 | AD13: 26 | AE13: 27 | AF13: 28 | AG13: 29 | AH13: 30
B14: ='Total 2023'!B14 -> Categoría #1 | C14: =SUM(E14:AH14) -> 0
B15: ='Total 2023'!B15 -> Categoría #2 | C15: =SUM(E15:AH15) -> 0
B16: ='Total 2023'!B16 -> Categoría #3 | C16: =SUM(E16:AH16) -> 0
B17: ='Total 2023'!B17 -> Categoría #4 | C17: =SUM(E17:AH17) -> 0
B18: ='Total 2023'!B18 -> Categoría #5 | C18: =SUM(E18:AH18) -> 0
B19: ='Total 2023'!B19 -> Categoría #6 | C19: =SUM(E19:AH19) -> 0
B20: ='Total 2023'!B20 -> Categoría #7 | C20: =SUM(E20:AH20) -> 0
B21: ='Total 2023'!B21 -> Categoría #8 | C21: =SUM(E21:AH21) -> 0
B22: ='Total 2023'!B22 -> Categoría #9 | C22: =SUM(E22:AH22) -> 0
B23: ='Total 2023'!B23 -> Categoría #10 | C23: =SUM(E23:AH23) -> 0
B24: ='Total 2023'!B24 -> Categoría #11 | C24: =SUM(E24:AH24) -> 0
B25: ='Total 2023'!B25 -> Categoría #12 | C25: =SUM(E25:AH25) -> 0
... B28: ='Total 2023'!B28 -> Categoría #15 | C28: =SUM(E28:AH28) -> 0
B29: GASTOS TOTALES | C29: =SUM(C14:C28) -> 0
B30: Ahorro sobrante | C30: =C9-C12-C29 -> 0

Sheet OCT
F2: CUENTAS DE OCTUBRE 2023
B4: INGRESOS | C4: SUMA DEL MES | E4: 1 | F4: 2 | G4: 3 | H4: 4 | I4: 5 | J4: 6 | K4: 7 | L4: 8 | M4: 9 | N4: 10 | O4: 11 | P4: 12 | Q4: 13 | R4: 14 | S4: 15 | T4: 16 | U4: 17 | V4: 18 | W4: 19 | X4: 20 | Y4: 21 | Z4: 22 | AA4: 23 | AB4: 24 | AC4: 25 | AD4: 26 | AE4: 27 | AF4: 28 | AG4: 29 | AH4: 30 | AI4: 31
B5: ='Total 2023'!B5 -> Sueldo #1 | C5: =SUM(E5:AI5) -> 0
B6: ='Total 2023'!B6 -> Sueldo #2 | C6: =SUM(E6:AI6) -> 0
B7: ='Total 2023'!B7 -> Otros #1 | C7: =SUM(E7:AI7) -> 0
B8: ='Total 2023'!B8 -> Otros #2 | C8: =SUM(E8:AI8) -> 0
B9: TOTAL INGRESOS | C9: =SUM(C5:C8) -> 0
B11: AHORRO | C11: SUMA DEL MES | E11: 1 | F11: 2 | G11: 3 | H11: 4 | I11: 5 | J11: 6 | K11: 7 | L11: 8 | M11: 9 | N11: 10 | O11: 11 | P11: 12 | Q11: 13 | R11: 14 | S11: 15 | T11: 16 | U11: 17 | V11: 18 | W11: 19 | X11: 20 | Y11: 21 | Z11: 22 | AA11: 23 | AB11: 24 | AC11: 25 | AD11: 26 | AE11: 27 | AF11: 28 | AG11: 29 | AH11: 30 | AI11: 31
B12: Preahorro | C12: =SUM(E12:AI12) -> 0
B13: GASTOS | C13: SUMA DEL MES | E13: 1 | F13: 2 | G13: 3 | H13: 4 | I13: 5 | J13: 6 | K13: 7 | L13: 8 | M13: 9 | N13: 10 | O13: 11 | P13: 12 | Q13: 13 | R13: 14 | S13: 15 | T13: 16 | U13: 17 | V13: 18 | W13: 19 | X13: 20 | Y13: 21 | Z13: 22 | AA13: 23 | AB13: 24 | AC13: 25 | AD13: 26 | AE13: 27 | AF13: 28 | AG13: 29 | AH13: 30 | AI13: 31
B14: ='Total 2023'!B14 -> Categoría #1 | C14: =SUM(E14:AI14) -> 0
B15: ='Total 2023'!B15 -> Categoría #2 | C15: =SUM(E15:AI15) -> 0
B16: ='Total 2023'!B16 -> Categoría #3 | C16: =SUM(E16:AI16) -> 0
B17: ='Total 2023'!B17 -> Categoría #4 | C17: =SUM(E17:AI17) -> 0
B18: ='Total 2023'!B18 -> Categoría #5 | C18: =SUM(E18:AI18) -> 0
B19: ='Total 2023'!B19 -> Categoría #6 | C19: =SUM(E19:AI19) -> 0
B20: ='Total 2023'!B20 -> Categoría #7 | C20: =SUM(E20:AI20) -> 0
B21: ='Total 2023'!B21 -> Categoría #8 | C21: =SUM(E21:AI21) -> 0
B22: ='Total 2023'!B22 -> Categoría #9 | C22: =SUM(E22:AI22) -> 0
B23: ='Total 2023'!B23 -> Categoría #10 | C23: =SUM(E23:AI23) -> 0
B24: ='Total 2023'!B24 -> Categoría #11 | C24: =SUM(E24:AI24) -> 0
B25: ='Total 2023'!B25 -> Categoría #12 | C25: =SUM(E25:AI25) -> 0
... B28: ='Total 2023'!B28 -> Categoría #15 | C28: =SUM(E28:AI28) -> 0
B29: GASTOS TOTALES | C29: =SUM(C14:C28) -> 0
B30: Ahorro sobrante | C30: =C9-C12-C29 -> 0

Sheet NOV
F2: CUENTAS DE NOVIEMBRE 2023
B4: INGRESOS | C4: SUMA DEL MES | E4: 1 | F4: 2 | G4: 3 | H4: 4 | I4: 5 | J4: 6 | K4: 7 | L4: 8 | M4: 9 | N4: 10 | O4: 11 | P4: 12 | Q4: 13 | R4: 14 | S4: 15 | T4: 16 | U4: 17 | V4: 18 | W4: 19 | X4: 20 | Y4: 21 | Z4: 22 | AA4: 23 | AB4: 24 | AC4: 25 | AD4: 26 | AE4: 27 | AF4: 28 | AG4: 29 | AH4: 30
B5: ='Total 2023'!B5 -> Sueldo #1 | C5: =SUM(E5:AH5) -> 0
B6: ='Total 2023'!B6 -> Sueldo #2 | C6: =SUM(E6:AH6) -> 0
B7: ='Total 2023'!B7 -> Otros #1 | C7: =SUM(E7:AH7) -> 0
B8: ='Total 2023'!B8 -> Otros #2 | C8: =SUM(E8:AH8) -> 0
B9: TOTAL INGRESOS | C9: =SUM(C5:C8) -> 0
B11: AHORRO | C11: SUMA DEL MES | E11: 1 | F11: 2 | G11: 3 | H11: 4 | I11: 5 | J11: 6 | K11: 7 | L11: 8 | M11: 9 | N11: 10 | O11: 11 | P11: 12 | Q11: 13 | R11: 14 | S11: 15 | T11: 16 | U11: 17 | V11: 18 | W11: 19 | X11: 20 | Y11: 21 | Z11: 22 | AA11: 23 | AB11: 24 | AC11: 25 | AD11: 26 | AE11: 27 | AF11: 28 | AG11: 29 | AH11: 30
B12: Preahorro | C12: =SUM(E12:AH12) -> 0
B13: GASTOS | C13: SUMA DEL MES | E13: 1 | F13: 2 | G13: 3 | H13: 4 | I13: 5 | J13: 6 | K13: 7 | L13: 8 | M13: 9 | N13: 10 | O13: 11 | P13: 12 | Q13: 13 | R13: 14 | S13: 15 | T13: 16 | U13: 17 | V13: 18 | W13: 19 | X13: 20 | Y13: 21 | Z13: 22 | AA13: 23 | AB13: 24 | AC13: 25 | AD13: 26 | AE13: 27 | AF13: 28 | AG13: 29 | AH13: 30
B14: ='Total 2023'!B14 -> Categoría #1 | C14: =SUM(E14:AH14) -> 0
B15: ='Total 2023'!B15 -> Categoría #2 | C15: =SUM(E15:AH15) -> 0
B16: ='Total 2023'!B16 -> Categoría #3 | C16: =SUM(E16:AH16) -> 0
B17: ='Total 2023'!B17 -> Categoría #4 | C17: =SUM(E17:AH17) -> 0
B18: ='Total 2023'!B18 -> Categoría #5 | C18: =SUM(E18:AH18) -> 0
B19: ='Total 2023'!B19 -> Categoría #6 | C19: =SUM(E19:AH19) -> 0
B20: ='Total 2023'!B20 -> Categoría #7 | C20: =SUM(E20:AH20) -> 0
B21: ='Total 2023'!B21 -> Categoría #8 | C21: =SUM(E21:AH21) -> 0
B22: ='Total 2023'!B22 -> Categoría #9 | C22: =SUM(E22:AH22) -> 0
B23: ='Total 2023'!B23 -> Categoría #10 | C23: =SUM(E23:AH23) -> 0
B24: ='Total 2023'!B24 -> Categoría #11 | C24: =SUM(E24:AH24) -> 0
B25: ='Total 2023'!B25 -> Categoría #12 | C25: =SUM(E25:AH25) -> 0
... B28: ='Total 2023'!B28 -> Categoría #15 | C28: =SUM(E28:AH28) -> 0
B29: GASTOS TOTALES | C29: =SUM(C14:C28) -> 0
B30: Ahorro sobrante | C30: =C9-C12-C29 -> 0

Sheet DIC
F2: CUENTAS DE DICIEMBRE 2023
B4: INGRESOS | C4: SUMA DEL MES | E4: 1 | F4: 2 | G4: 3 | H4: 4 | I4: 5 | J4: 6 | K4: 7 | L4: 8 | M4: 9 | N4: 10 | O4: 11 | P4: 12 | Q4: 13 | R4: 14 | S4: 15 | T4: 16 | U4: 17 | V4: 18 | W4: 19 | X4: 20 | Y4: 21 | Z4: 22 | AA4: 23 | AB4: 24 | AC4: 25 | AD4: 26 | AE4: 27 | AF4: 28 | AG4: 29 | AH4: 30 | AI4: 31
B5: ='Total 2023'!B5 -> Sueldo #1 | C5: =SUM(E5:AI5) -> 0
B6: ='Total 2023'!B6 -> Sueldo #2 | C6: =SUM(E6:AI6) -> 0
B7: ='Total 2023'!B7 -> Otros #1 | C7: =SUM(E7:AI7) -> 0
B8: ='Total 2023'!B8 -> Otros #2 | C8: =SUM(E8:AI8) -> 0
B9: TOTAL INGRESOS | C9: =SUM(C5:C8) -> 0
B11: AHORRO | C11: SUMA DEL MES | E11: 1 | F11: 2 | G11: 3 | H11: 4 | I11: 5 | J11: 6 | K11: 7 | L11: 8 | M11: 9 | N11: 10 | O11: 11 | P11: 12 | Q11: 13 | R11: 14 | S11: 15 | T11: 16 | U11: 17 | V11: 18 | W11: 19 | X11: 20 | Y11: 21 | Z11: 22 | AA11: 23 | AB11: 24 | AC11: 25 | AD11: 26 | AE11: 27 | AF11: 28 | AG11: 29 | AH11: 30 | AI11: 31
B12: Preahorro | C12: =SUM(E12:AI12) -> 0
B13: GASTOS | C13: SUMA DEL MES | E13: 1 | F13: 2 | G13: 3 | H13: 4 | I13: 5 | J13: 6 | K13: 7 | L13: 8 | M13: 9 | N13: 10 | O13: 11 | P13: 12 | Q13: 13 | R13: 14 | S13: 15 | T13: 16 | U13: 17 | V13: 18 | W13: 19 | X13: 20 | Y13: 21 | Z13: 22 | AA13: 23 | AB13: 24 | AC13: 25 | AD13: 26 | AE13: 27 | AF13: 28 | AG13: 29 | AH13: 30 | AI13: 31
B14: ='Total 2023'!B14 -> Categoría #1 | C14: =SUM(E14:AI14) -> 0
B15: ='Total 2023'!B15 -> Categoría #2 | C15: =SUM(E15:AI15) -> 0
B16: ='Total 2023'!B16 -> Categoría #3 | C16: =SUM(E16:AI16) -> 0
B17: ='Total 2023'!B17 -> Categoría #4 | C17: =SUM(E17:AI17) -> 0
B18: ='Total 2023'!B18 -> Categoría #5 | C18: =SUM(E18:AI18) -> 0
B19: ='Total 2023'!B19 -> Categoría #6 | C19: =SUM(E19:AI19) -> 0
B20: ='Total 2023'!B20 -> Categoría #7 | C20: =SUM(E20:AI20) -> 0
B21: ='Total 2023'!B21 -> Categoría #8 | C21: =SUM(E21:AI21) -> 0
B22: ='Total 2023'!B22 -> Categoría #9 | C22: =SUM(E22:AI22) -> 0
B23: ='Total 2023'!B23 -> Categoría #10 | C23: =SUM(E23:AI23) -> 0
B24: ='Total 2023'!B24 -> Categoría #11 | C24: =SUM(E24:AI24) -> 0
B25: ='Total 2023'!B25 -> Categoría #12 | C25: =SUM(E25:AI25) -> 0
... B28: ='Total 2023'!B28 -> Categoría #15 | C28: =SUM(E28:AI28) -> 0
B29: GASTOS TOTALES | C29: =SUM(C14:C28) -> 0
B30: Ahorro sobrante | C30: =C9-C12-C29 -> 0
